 Dungeon Crawl Stone Soup version 0.23-a0-607-g760965b (webtiles) character file.

30 aspa the Fighter (level 3, 0/38 HPs)
             Began as a Gnoll Wanderer on Dec 18, 2018.
             Slain by an orc wizard
             ... wielding a +0 dagger
              (2 damage)
             ... on level 2 of the Dungeon on Dec 20, 2018.
             The game lasted 00:01:57 (1064 turns).

aspa the Fighter (Gnoll Wanderer)                   Turns: 1064, Time: 00:01:59

Health: 0/38       AC:  2    Str: 11    XL:     3   Next: 20%
Magic:  3/3        EV: 11    Int: 16    God:
Gold:   85         SH:  0    Dex: 16    Spells: 3/3 levels left

rFire    . . .     SeeInvis .   a - +0 mace
rCold    . . .     Gourm    .   (no shield)
rNeg     . . .     Faith    .   e - +0 robe
rPois    .         Spirit   .   (no helmet)
rElec    .         Reflect  .   (no cloak)
rCorr    +         Harm     .   (no gloves)
MR       .....                  (no boots)
Stlth    ++........             (no amulet)
HPRegen  0.12/turn              k - ring of resist corrosion
MPRegen  0.08/turn              (no ring)

@: no status effects
A: distributed training, fangs 1, strong nose
a: no special abilities


You were on level 2 of the Dungeon.
You were hungry.

You visited 1 branch of the dungeon, and saw 2 of its levels.

You collected 85 gold pieces.

Inventory:

Hand Weapons
 a - a +0 mace (weapon)
 b - a +2 blowgun
Missiles
 d - 3 curare-tipped needles
Armour
 e - a +0 robe (worn)
Jewellery
 k - a ring of resist corrosion (left hand)
Scrolls
 g - a scroll of identify {unknown}
 i - a scroll of teleportation {unknown}
 l - a scroll of enchant armour {unknown}
 m - a scroll of fear {unknown}
Potions
 c - a potion of lignification
 h - a potion of heal wounds {unknown}
 n - a potion of flight {unknown}
Comestibles
 f - 3 rations
 j - a chunk of flesh


   Skills:
 + Level 8.5 Fighting
 + Level 2.5 Short Blades
 + Level 0.6 Long Blades
 + Level 0.6 Axes
 + Level 4.5 Maces & Flails
 + Level 0.6 Polearms
 + Level 0.6 Staves
 + Level 0.6 Slings
 + Level 0.6 Bows
 + Level 0.6 Crossbows
 + Level 4.5 Throwing
 + Level 0.6 Armour
 + Level 0.6 Dodging
 + Level 2.3 Stealth
 + Level 0.6 Shields
 + Level 0.6 Unarmed Combat
 + Level 0.6 Spellcasting
 + Level 0.4 Conjurations
 + Level 0.4 Hexes
 + Level 0.4 Charms
 + Level 0.4 Summonings
 + Level 0.4 Necromancy
 + Level 0.4 Translocations
 + Level 0.4 Transmutations
 + Level 0.4 Fire Magic
 + Level 0.4 Ice Magic
 + Level 0.4 Air Magic
 + Level 0.4 Earth Magic
 + Level 0.4 Poison Magic
 + Level 0.8 Invocations
 + Level 0.6 Evocations


You had 3 spell levels left.
You didn't know any spells.
Your spell library was empty.

Dungeon Overview and Level Annotations

Branches:
Dungeon (2/15)

Altars:


Innate Abilities, Weirdness & Mutations

Your experience applies equally to all skills.
You have very sharp teeth.
Your uncanny sense of smell can sniff out nearby items.


Message History

You are too injured to fight recklessly!
You are too injured to fight recklessly!
You closely miss the orc wizard.
The orc wizard is almost dead.
The orc wizard closely misses you.
The orc wizard mumbles some strange words.
The orc wizard flickers and vanishes!
Deactivating autopickup; reactivate with Ctrl-A.
You hit something but do no damage. Your punch misses something.
Something hits you.
* * * LOW HITPOINT WARNING * * *
You miss something.
You hear some strange, mumbled words.
A magic dart appears from out of thin air!
The magic dart hits you!
* * * LOW HITPOINT WARNING * * *
Something hits you but does no damage.
You hit something but do no damage. Your bite misses something.
Something hits you.
You die...

### #o. #o# #o# #{#
#@# ####.########
#...........
#.##...###.## ∆ ..
#$[......#
######.....<..#
....#..##.#..#
####.#.#..........#
........>...#.....!.


You could see an orc priest and 2 orcs.

Vanquished Creatures
  An adder (D:2)
  A dart slug (D:1)
  A leopard gecko (D:1)
  An orc (D:2)
  A bat (D:1)
  2 goblins (D:1)
  4 hobgoblins (D:1)
  A frilled lizard (D:1)
  A kobold (D:1)
  5 rats
18 creatures vanquished.

Notes
Turn   | Place    | Note
-------+----------+-------------------------------------------
     0 | D:1      | aspa the Gnoll Wanderer began the quest for the Orb.
     0 | D:1      | aspa set off with the following items: 3 curare-tipped
                  | needles, a +2 blowgun, a potion of lignification, a +0
                  | mace, a +0 robe, a ration
     0 | D:1      | Reached XP level 1. HP: 26/26 MP: 1/1
   493 | D:1      | Reached XP level 2. HP: 32/33 MP: 2/2
   802 | D:1      | Upgraded the game from 0.23-a0-586-gacb4b3f to
                  | 0.23-a0-607-g760965b
   971 | D:2      | Reached XP level 3. HP: 20/38 MP: 3/3
  1064 | D:2      | Slain by an orc wizard

Vault maps used:
D:1:      lightli_molten_gateway, feat_on_display
D:2:      minmay_alternating_diamond, guppyfry_early_lair_pool, uniq_robin,
          uniq_terence

Action                   || total
-------------------------++-------
Melee: Mace              ||    68
       Bite              ||     8
 Stab: Sleeping          ||     4
Armor: Robe              ||     7
Dodge: Dodged            ||    40

Table legend:
 A = Non-vault XP
 B = Vault XP
 C = Vault XP percentage of total XP
 D = Non-vault monster count
 E = Vault monster count
 F = Vault count percentage of total count
                 A         B        C        D         E       F
            +---------+---------+-------+---------+---------+-------
      Total |      44 |       0 |   0.0 |      18 |       0 |   0.0
            +---------+---------+-------+---------+---------+-------
        D:1 |      26 |       0 |   0.0 |      14 |       0 |   0.0
        D:2 |      18 |       0 |   0.0 |       4 |       0 |   0.0
            +---------+---------+-------+---------+---------+-------
